 Dungeon Crawl Stone Soup version 0.30-a0-585-g93115170b9 (webtiles) character file.

Game seed: 11987321972419830297

10395 damiac the Covert (level 11, -12/47 HPs)
             Began as a Spriggan Enchanter on Dec 30, 2022.
             Was an Elder of Sif Muna.
             Killed from afar by a rime drake (22 damage)
             ... with an icy flash freeze
             ... on level 2 of the Lair of Beasts on Jan 2, 2023.
             The game lasted 00:47:36 (11069 turns).

damiac the Covert (Spriggan Enchanter)             Turns: 11069, Time: 00:47:36

Health: -12/47     AC:  7    Str: 10    XL:     11   Next: 35%
Magic:  1/16       EV: 25    Int: 20    God:    Sif Muna [****..]
Gold:   589        SH:  0    Dex: 17    Spells: 8/16 levels left

rFire   . . .      SeeInvis +    a - +2 dagger
rCold   . . .      Faith    .    (no shield)
rNeg    . . .      Spirit   .    b - +1 robe
rPois   .          Reflect  .    (helmet restricted)
rElec   .          Harm     .    g - scarf {shadows}
rCorr   .          Rampage  .    (gloves unavailable)
Will    +....                    (boots unavailable)
Stlth   ++++++                   (no amulet)
HPRegen 0.27/turn                u - +4 ring of protection
MPRegen 0.15/turn                o - +6 ring of strength

@: lethally poisoned (-12 -> -17), very quick
A: very small, no large weapons, unfitting armour, see invisible, speed 3
a: Renounce Religion, Channel Magic, Forget Spell, Divine Exegesis


You were on level 2 of the Lair of Beasts.
You worshipped Sif Muna.
Sif Muna was greatly pleased with you.
You visited 3 branches of the dungeon, and saw 11 of its levels.
You also visited: Ossuary.

You collected 589 gold pieces.

Inventory:

Hand Weapons
 a - a +2 dagger (weapon)
Missiles
 d - 28 stones (quivered)
Armour
 b - a +1 robe (worn)
 g - a scarf of shadows (worn)
 I - a +0 buckler
Jewellery
 l - a ring of fire
 o - a +6 ring of strength (right hand)
 p - a ring of wizardry
 u - a +4 ring of protection (left hand)
Wands
 r - a wand of flame (12)
 v - a wand of paralysis (8)
 A - a wand of mindburst (14)
 C - a wand of roots (9)
Scrolls
 f - 2 scrolls of silence
 n - 4 scrolls of teleportation
 q - a scroll of amnesia
 z - 3 scrolls of enchant armour
 B - 2 scrolls of magic mapping
 E - 2 scrolls of blinking {unknown}
 G - 3 scrolls of poison
Potions
 c - 7 potions of invisibility
 e - a potion of magic
 h - 2 potions of lignification
 i - 2 potions of attraction
 j - 4 potions of haste
 k - 2 potions of mutation
 m - 6 potions of curing
 s - 2 potions of might
 t - 6 potions of degeneration
 w - a potion of flight {unknown}
 x - 3 potions of cancellation
 D - a potion of resistance {unknown}
 F - a potion of ambrosia {unknown}
 H - 3 potions of berserk rage
Miscellaneous
 J - a phantom mirror


   Skills:
 + Level 9.9 Short Blades
 + Level 11.9 Dodging
 + Level 14.5 Stealth
 - Level 3.0 Spellcasting
 + Level 11.4 Hexes


You had 8 spell levels left.
You knew the following spells:

 Your Spells              Type           Power      Damage    Failure   Level
a - Ensorcelled Hibernat  Hex/Ice        50%        N/A       1%          2
b - Confusing Touch       Hex            48%        N/A       1%          3
c - Tukima's Dance        Hex            48%        N/A       1%          3

Your spell library contained the following spells:

 Spells                   Type           Power      Damage    Failure   Level
 Dazzling Flash           Conj/Hex       50%        N/A       4%          3
 Passwall                 Tmut/Erth      2%         N/A       22%         2
 Metabolic Englaciation   Hex/Ice        12%        N/A       36%         5
 Ozocubu's Armour         Ice            3%         N/A       38%         3
 Swiftness                Air            3%         N/A       38%         3
 Summon Forest            Summ/Tloc      1%         N/A       98%         5
 Eringya's Noxious Bog    Tmut/Pois      1%         N/A       100%        6
 Simulacrum               Ice/Necr       1%         N/A       100%        6
 Summon Hydra             Summ           1%         N/A       100%        7


Dungeon Overview and Level Annotations

Branches:
Dungeon (8/15)             Temple (1/1) D:4            Lair (2/5) D:8
Ossuary (visited)
  Swamp: Lair:2-3    Shoals: Lair:2-3     Snake: Lair:2-3    Spider: Lair:2-3

Altars:
Ashenzari
Cheibriados
Dithmenos
Elyvilon
Fedhas
Gozag
Hepliaklqana
Makhleb
Nemelex Xobeh
Okawaru
Qazlal
Ru
Sif Muna
Vehumet
Wu Jian
Xom
Yredelemnul
Zin
The Shining One

Annotations:
D:6 3 runed translucent doors, lotum's ghost, novice HOFi


Innate Abilities, Weirdness & Mutations

You are very small and have problems with some larger weapons.
You are too small for most types of armour.
You have supernaturally acute eyesight. (SInv)
You cover ground extremely quickly. (Speed+++)


Message History

The wolf completely misses you.
You hit the wolf but do no damage.
The wolf is almost dead.
The water moccasin misses you. The wolf bites you.
You closely miss the wolf.
The wolf is almost dead.
The water moccasin bites you!
You are poisoned.
The water moccasin poisons you!
Casting: Ensorcelled Hibernation (safe; 1% risk of failure)
Confirm with . or Enter, or press ? or * to list all spells.
Aiming: Ensorcelled Hibernation (safe; 1% risk of failure)
Press: ? - help, Shift-Dir - straight line, f/p - wolf
Aim: a wolf (almost dead, chance to affect: 56%)
The water moccasin looks drowsy...
You feel very sick. The wolf completely misses you. x2
The helpless water moccasin fails to defend itself.
You skewer the water moccasin like a kebab!!!!
You kill the water moccasin!
Sif Muna accepts your kill.
You feel sick. The wolf completely misses you.
You barely miss the wolf.
The wolf is almost dead.
You feel sick. The wolf completely misses you.
You hit the wolf but do no damage.
The wolf is almost dead.
You feel sick. The wolf bites you but does no damage.
You closely miss the wolf.
The wolf is almost dead.
You feel sick. The wolf closely misses you.
You hit the wolf but do no damage.
The wolf is almost dead.
You feel sick.
You hit the wolf.
You kill the wolf!
Sif Muna accepts your kill. The rime drake breathes ice at you.
The icy flash freeze hits you!!
You die...

......P....#
.........>..P...## ...
.................##...>
h......................
.......................
...............##......
..............##P....#
....................#
....#........#.†@...#
...##................P#
....#................P#
......................#
...F........k..........
#.................#....
##..........#....##....
#...........#....#
##.............##


You could see a rime drake (catching breath).

Vanquished Creatures
  Amaemon (D:8)
  Pikel (D:5)
  2 cyclopes (D:8)
  3 cane toads
  An orange demon (D:8)
  A rime drake (Lair:1)
  Grinder (D:5)
  Prince Ribbit (D:7)
  A wraith (Ossuary)
  Grum (D:8)
  2 basilisks (Lair:1)
  4 water moccasins
  Edmund (D:6)
  2 orc warriors
  3 sky beasts
  2 black bears
  7 ice beasts
  4 ogres
  20 wolves
  3 centaurs
  A lemure (D:5)
  A phantom (D:5)
  A kobold brigand (D:6)
  8 bullfrogs
  A necrophage (D:6)
  Blork the orc (D:6)
  3 gnoll sergeants
  A scorpion (D:4)
  4 wights (D:6)
  A howler monkey (D:8)
  5 hounds
  4 orc priests
  2 jellies
  4 iguanas
  7 orc wizards
  A mummy (Ossuary)
  8 adders
  14 gnolls
  A shadow imp (D:6)
  An ufetubus (D:7)
  A worm (D:2)
  A dart slug (D:4)
  25 orcs
  8 endoplasms
  4 giant cockroaches
  13 goblins
  5 hobgoblins
  8 kobolds
  3 quokkas
  3 ball pythons
  3 bats
  A frilled lizard (D:3)
  5 gnoll skeletons (Ossuary)
  8 kobold skeletons (Ossuary)
  12 orc skeletons (Ossuary)
  2 rats
232 creatures vanquished.

Vanquished Creatures (collateral kills)
  A scorpion (D:6)
  A wight (D:6)
  A hound (D:6)
3 creatures vanquished.

Vanquished Creatures (others)
  2 fungi
  3 plants
5 creatures vanquished.

Grand Total: 240 creatures vanquished

Notes
Turn   | Place    | Note
-------+----------+-------------------------------------------
     0 | D:1      | damiac the Spriggan Enchanter began the quest for the Orb.
     0 | D:1      | Reached XP level 1. HP: 9/9 MP: 5/5
   157 | D:1      | Found a faded altar of an unknown god.
   497 | D:1      | Reached XP level 2. HP: 13/13 MP: 6/6
   501 | D:1      | Learned a level 2 spell: Ensorcelled Hibernation
   657 | D:1      | Reached skill level 5 in Stealth
  1089 | D:2      | Reached XP level 3. HP: 16/16 MP: 8/8
  1786 | D:2      | Learned a level 3 spell: Confusing Touch
  1790 | D:2      | Learned a level 3 spell: Tukima's Dance
  2146 | D:3      | Reached XP level 4. HP: 11/21 MP: 0/9
  3096 | D:3      | Upgraded the game from 0.30-a0-576-g89cddaab80 to
                  | 0.30-a0-578-gdee14c521f
  3222 | D:4      | Noticed a bullfrog
  3230 | D:4      | Killed a bullfrog
  3231 | D:4      | Reached skill level 6 in Stealth
  3231 | D:4      | Reached XP level 5. HP: 24/24 MP: 1/10
  3325 | D:4      | Noticed an ogre
  3331 | D:4      | Killed an ogre
  3332 | D:4      | Reached skill level 5 in Hexes
  3367 | D:4      | Reached XP level 6. HP: 28/28 MP: 11/11
  3401 | D:4      | Found a glowing golden altar of the Shining One.
  3647 | D:4      | Found a staircase to the Ecumenical Temple.
  3655 | Temple   | Entered the Ecumenical Temple
  3679 | Temple   | Became a worshipper of Sif Muna the Loreminder
  4013 | D:5      | Entered Level 5 of the Dungeon
  4013 | D:5      | Noticed Grinder
  4022 | D:5      | Killed Grinder
  4023 | D:5      | Reached skill level 5 in Dodging
  4023 | D:5      | Reached skill level 7 in Stealth
  4023 | D:5      | Reached XP level 7. HP: 28/32 MP: 12/12
  4211 | D:5      | Found a blossoming altar of Fedhas.
  4486 | D:5      | Reached skill level 8 in Stealth
  4884 | D:5      | Noticed Pikel
  4962 | D:5      | Killed Pikel
  4963 | D:5      | Reached skill level 5 in Short Blades
  4963 | D:5      | Reached skill level 9 in Stealth
  4963 | D:5      | Reached XP level 8. HP: 34/36 MP: 4/13
  5268 | D:6      | Upgraded the game from 0.30-a0-578-gdee14c521f to
                  | 0.30-a0-585-g93115170b9
  5329 | D:6      | Reached * piety under Sif Muna
  5460 | D:6      | Noticed Blork the orc
  5463 | D:6      | Killed Blork the orc
  5506 | D:6      | Reached skill level 10 in Stealth
  5574 | D:6      | Reached XP level 9. HP: 28/39 MP: 10/14
  5669 | D:6      | Found a runed translucent gate.
  5670 | D:6      | Found a runed translucent gate.
  5671 | D:6      | Found a runed translucent gate.
  5671 | D:6      | Noticed lotum's ghost (novice HOFi)
  5681 | D:6      | Identified the +0 chain mail "Ynonicku" {Will+}
  5789 | D:6      | Found an ornate altar of the Wu Jian Council.
  5806 | D:6      | Noticed Edmund
  5828 | D:6      | Killed Edmund
  5979 | D:6      | Found a sand-covered staircase.
  5987 | Ossuary  | Entered an ossuary
  6124 | Ossuary  | Reached ** piety under Sif Muna
  6272 | D:6      | Reached skill level 11 in Stealth
  7515 | D:7      | Noticed Prince Ribbit
  7521 | D:7      | Killed Prince Ribbit
  7582 | D:7      | Reached *** piety under Sif Muna
  8036 | D:8      | Reached skill level 12 in Stealth
  8052 | D:8      | Reached XP level 10. HP: 13/44 MP: 10/15
  8174 | D:8      | Found a staircase to the Lair.
  8181 | D:8      | Noticed Amaemon
  8183 | Lair:1   | Entered Level 1 of the Lair of Beasts
  8217 | D:8      | Noticed an orange demon
  8217 | D:8      | Noticed Grum
  8436 | D:8      | Noticed a cyclops
  8441 | D:8      | Killed a cyclops
  8442 | D:8      | Reached skill level 10 in Dodging
  8564 | D:8      | Reached skill level 10 in Hexes
  8594 | D:8      | Noticed a cyclops
  8773 | D:8      | Killed an orange demon
  8864 | D:8      | Reached skill level 13 in Stealth
  9444 | D:8      | Killed a cyclops
  9606 | D:8      | Killed Amaemon
 10006 | D:8      | Killed Grum
 10007 | D:8      | Reached XP level 11. HP: 30/47 MP: 11/16
 10258 | Lair:1   | Reached **** piety under Sif Muna
 10344 | Lair:1   | Reached skill level 14 in Stealth
 11069 | Lair:2   | Killed from afar by a rime drake

Illustrated notes

Levels and vault maps discovered:
D:1:      minmay_arrival_wavy_path, layout_loops_ring,
          shapermc_ecumenical_altar_mp_urbaneastern, serial_bayou_ford_a,
          hangedman_decor_opposing
D:2:      layout_loops_ring, serial_forest, infiniplex_forest_side_room,
          infiniplex_forest_straight_5, infiniplex_forest_lined_room_2,
          infiniplex_forest_corner_2, infiniplex_forest_lined_corner,
          infiniplex_forest_lined_2, infiniplex_forest_clump_double,
          infiniplex_forest_straight_3
D:3:      layout_basic, chequers_serial_rivers_micro_d, minmay_bisected
D:4:      layout_rooms, mainiacjoe_overflow_alcove_1, lemuel_temple_firewalk_b
D:5:      layout_loops_ring, mainiacjoe_overflow_six_doors_small, uniq_pikel,
          uniq_grinder
D:6:      layout_loops_ring, amcnicky_altar_gilded,
          nicolae_ossuary_entry_monument, biasface_ghost_orc_armoury,
          kennysheep_cluttered_room, uniq_blork_the_orc, uniq_edmund
D:7:      layout_rooms, minmay_hedge_maze, uniq_prince_ribbit1
D:8:      layout_cave_pods, hellmonk_lair_entry_icy, hangedman_minor_gate_pass,
          uniq_amaemon, uniq_grum
Temple:   lightli_temple_of_artemis
Lair:1:   layout_long_grid, st_stairs_7, grunt_megastairs_5
Lair:2:   layout_hall_layers, elwin_shoals_entry_rocks, dummy_spider_entry,
          chequers_serial_rivers_micro_d, beast_lair_carwin_1

Skill      XL: |  1  2  3  4  5  6  7  8  9 10 11 |
---------------+----------------------------------+-----
Hexes          | 4 5 7 8 9 10 11 | 11.4
Stealth        | 5 6 7 9 10 12 13 14 | 14.5
Dodging        | 3 4 5 6 7 9 11 | 11.9
Spellcasting   | 3 |  3.0
Short Blades   | 2 3 5 6 7 9 |  9.9

Action                   |  1- 3 |  4- 6 |  7- 9 | 10-12 || total
-------------------------+-------+-------+-------+-------++-------
Melee: Dagger            |    61 |    35 |   325 |   181 ||   602
       Punch             |     1 |     1 |     6 |     2 ||    10
Throw: Stone             |     9 |       |    16 |     4 ||    29
 Cast: Ensorcelled Hiber |    28 |    19 |    81 |    89 ||   217
       Confusing Touch   |       |       |     8 |     5 ||    13
       Tukima's Dance    |       |       |     1 |       ||     1
  Use: Scroll            |     7 |     3 |     9 |     3 ||    22
       Potion            |       |       |       |     1 ||     1
 Stab: Sleeping          |    24 |    22 |    61 |    53 ||   160
       Distracted        |     1 |       |     3 |     4 ||     8
       Confused          |       |       |     8 |     5 ||    13
Armor: Robe              |     4 |     2 |    28 |    26 ||    60
Dodge: Dodged            |    44 |    18 |   214 |   221 ||   497

Table legend: (Time is in decaauts)
 A = Elapsed time spent in this place.
 B = Non-inter-level travel time spent in this place.
 C = Inter-level travel time spent in this place.
 D = Time resting spent in this place.
 E = Time spent auto-exploring this place.
 F = Levels seen in this place.
 G = Mean time per level.
                   A        B        C        D        E       F      G
               +--------+--------+--------+--------+--------+-----+--------+
         Total |   8239 |   8039 |    200 |    735 |   5390 |  12 |  686.6 |
       Dungeon |   7307 |   7122 |    185 |    735 |   4825 |   8 |  913.4 |
        Temple |     79 |     74 |      5 |      0 |     55 |   1 |   79.0 |
          Lair |    674 |    665 |      9 |      0 |    474 |   2 |  337.0 |
       Ossuary |    176 |    176 |      0 |      0 |     35 |   1 |  176.0 |
               +--------+--------+--------+--------+--------+-----+--------+

Top non-repeatable levels by time:
     D:8: 1774 daAuts
     D:6: 1120 daAuts
     D:5: 969 daAuts
     D:3: 859 daAuts
     D:2: 738 daAuts
     D:1: 668 daAuts
     D:7: 643 daAuts
  Lair:1: 573 daAuts
     D:4: 534 daAuts
 Ossuary: 176 daAuts
  Lair:2: 101 daAuts
  Temple: 79 daAuts
